 Dungeon Sprint DCSS version 0.28-a0-533-g9f97627e2a (webtiles) character file.

Game seed: 14282111642128080724

1824 Conn the Unseen (level 9, -1/60 HPs)
             Began as an Octopode Brigand on Sept 26, 2021.
             Was a Believer of Sif Muna.
             Killed by divine providence
             ... invoked by an orc priest
              (11 damage)
             ... in the Dungeon (Sprint III: "The Ten Rune Challenge").
             The game lasted 00:07:58 (649 turns).

Conn the Unseen (Octopode Brigand)                   Turns: 649, Time: 00:07:59

Health: -1/60      AC:  1    Str: 10    XL:     9   Next: 11%
Magic:  16/16      EV: 12    Int: 16    God:    Sif Muna [**....]
Gold:   43         SH:  3    Dex: 14    Spells: 16/18 levels left

rFire   . . .      SeeInvis .   a - +3 dagger
rCold   . . .      Faith    .   j - +0 buckler
rNeg    . . .      Spirit   .   (helmet restricted)
rPois   .          Reflect  .   (no amulet)
rElec   .          Harm     .   (no ring)
rCorr   .          Rampage  .   (no ring)
Will    .....      NoTele   +   (no ring)
Stlth   ++++++++..              (no ring)
HPRegen 0.20/turn               (no ring)
MPRegen 0.15/turn               (no ring)
                                (no ring)
                                (no ring)

@: no status effects
A: almost no armour, amphibious, 8 rings, camouflage 1, gelatinous body 1,
(nimble swimmer 1), tentacles
a: Renounce Religion, Channel Magic


You were in the Dungeon.
You worshipped Sif Muna.
Sif Muna was pleased with you.
You visited 1 branch You collected 43 gold pieces.

Inventory:

Hand Weapons
 a - a +3 dagger (weapon)
 q - a +4 scimitar of flaming
Missiles
 b - 5 poisoned darts (quivered)
Armour
 j - a +0 buckler (worn)
Wands
 e - a wand of flame (11)
Scrolls
 i - a scroll of blinking
Potions
 d - 2 potions of curing
 f - a potion of berserk rage
 g - 2 potions of magic
 h - a potion of heal wounds
 k - 4 potions of mutation
 n - 4 potions of flight


   Skills:
 + Level 4.9 Fighting
 + Level 6.6 Short Blades
 + Level 6.0 Throwing
 + Level 2.3 Dodging
 + Level 18.3 Stealth
 * Level 5.2 Spellcasting
 * Level 5.7 Conjurations
 * Level 5.7 Air Magic
 * Level 6.2 Invocations


You had 16 spell levels left.
You knew the following spells:

 Your Spells              Type           Power      Damage    Failure   Level
a - Static Discharge      Conj/Air       22%        N/A       3%          2

Your spell library contained the following spells:

 Spells                   Type           Power      Damage    Failure   Level
 Corpse Rot               Necr/Air       N/A        N/A       12%         2
 Lightning Bolt           Conj/Air       11%        1d24      54%         5
 Dispel Undead            Necr           4%         3d7       94%         4
 Death Channel            Necr           2%         N/A       100%        6
 Maxwell's Capacitive Co  Air            11%        ∞         100%        8


Dungeon Overview and Level Annotations

Branches:
Dungeon (1/1)

Altars:
Cheibriados
Dithmenos
Elyvilon
Fedhas
Gozag
Hepliaklqana
Kikubaaqudgha
Makhleb
Nemelex Xobeh
Okawaru
Qazlal
Ru
Sif Muna
Trog
Uskayaw
Vehumet
Wu Jian
Xom
Yredelemnul
Zin
The Shining One
Beogh
Jiyva
Lugonu


Innate Abilities, Weirdness & Mutations

You cannot wear most types of armour.
You are amphibious.
You can wear up to eight rings at the same time.
Your skin changes colour to match your surroundings (Stealth+).
Your rubbery body absorbs attacks. (AC +1, EV +1)
((You are camouflaged near water. (Stealth+)))
You have tentacles for arms and can constrict up to eight enemies at once.


Message History

Things that are here:
a +0 dagger; a +0 robe; a human skeleton The orc priest shouts!
Throw: 8 darts (poison)
Press: ? - help, Q - select action, (/) - cycle Shift-Dir - straight line, f/p - orc priest
Aim: an orc priest, wielding a +0 mace (strong, 64% to hit)
You throw a poisoned dart. The poisoned dart hits the orc warrior.
The orc warrior is poisoned.
Unknown command.
Throw: 7 darts (poison)
Press: ? - help, Q - select action, (/) - cycle Shift-Dir - straight line, f/p - orc priest
Aim: an orc priest, wielding a +0 mace (strong, 64% to hit)
You throw a poisoned dart.
The poisoned dart barely misses the orc knight.
The poisoned dart hits the orc warrior!
The orc warrior looks even sicker.
The orc warrior is lightly wounded.
Throw: 6 darts (poison)
Press: ? - help, Q - select action, (/) - cycle Shift-Dir - straight line, f/p - orc priest
Aim: an orc priest, wielding a +0 mace (strong, 64% to hit)
You throw a poisoned dart. The poisoned dart hits the orc knight.
The orc knight looks even sicker.
The orc knight is almost dead.
The orc priest calls down the wrath of Beogh upon you.
Beogh smites you!
There is a fountain of clear blue water here.
The orc priest calls upon Beogh to heal the orc knight.
The orc knight is healed somewhat.
Unknown command.
The orc priest no longer looks unusually strong.
The orc priest calls down the wrath of Beogh upon you.
Beogh smites you!
* * * LOW HITPOINT WARNING * * *
The orc knight roars a battlecry!
The orcs go into a battle-frenzy!
There is an open door to the Ecumenical Temple here.
You close the door.
Something unseen opens the door.
The orc knight roars a battlecry!
The orc priest calls down the wrath of Beogh upon you.
Beogh smites you!
You die...

▓▓▓▓▓▓▓▓▓▓ ▓▓▓ <.#..'...♣♣♣♣
♣.############ ### ..#..#..†.♣.♣
♣♣.#___#___#__##$#o #'####.....♣♣
..#)..#__)#._#$o.o
.....#....≈.♣♣♣♣.###'#'###'##o..o
.....#...≈≈......#..oo(o....#oo.o
.....#..≈≈≈≈♣....'.⌠..o.(...#o###
####'#..≈≈≈≈≈≈.♣@#..÷######'#$.$#
.....#.≈≈≈≈≈≈....#.⌠.#__#...#o###
.†.).#.≈≈≈≈≈.....#)..#_v#...#..≈≈
.....#.≈≈≈.......#)###__#..o#.#§§
'#####...........#...#__#...'.#§§
..†..............#___#__+...#.#§[
▓▓▓▓▓▓▓▓▓▓▓▓▓▓▓▓▓▓▓▓▓▓▓▓▓▓▓▓▓▓▓▓▓


You could see an orc knight (very poisoned, slow), 2 orc priests and an orc
(strong).

Vanquished Creatures
  Erica (D)
  A deep elf pyromancer (D)
  A shadow (D)
  A necrophage (D)
  A scorpion (D)
  A water elemental (D)
  A jelly (D)
  Jessica (D)
  A wizard (D)
  A necromancer (D)
  A kobold demonologist (D)
  3 humans (D)
  2 endoplasms (D)
  A rat (D)
17 creatures vanquished.

Notes
Turn   | Place    | Note
-------+----------+-------------------------------------------
     0 | D        | Conn the Octopode Brigand began the quest for the Orb.
     0 | D        | Reached XP level 1. HP: 14/14 MP: 1/1
     5 | D        | Reached skill level 6 in Stealth
    17 | D        | Noticed Jessica
    20 | D        | Killed Jessica
    21 | D        | Reached skill level 9 in Stealth
    21 | D        | Reached XP level 2. HP: 20/20 MP: 2/2
    21 | D        | Reached XP level 3. HP: 25/25 MP: 3/3
    54 | D        | Reached skill level 10 in Stealth
    71 | D        | Noticed a scorpion
    78 | D        | Killed a scorpion
    79 | D        | Reached skill level 12 in Stealth
    79 | D        | Reached XP level 4. HP: 31/31 MP: 4/4
   104 | D        | Noticed a water elemental
   107 | D        | Killed a water elemental
   108 | D        | Reached skill level 13 in Stealth
   108 | D        | Reached XP level 5. HP: 36/36 MP: 5/5
   111 | D        | Found a radiant altar of Vehumet.
   111 | D        | Found a shimmering blue altar of Sif Muna.
   111 | D        | Found an ancient bone altar of Kikubaaqudgha.
   114 | D        | Noticed an orange demon
   119 | D        | Reached skill level 14 in Stealth
   132 | D        | Became a worshipper of Sif Muna the Loreminder
   136 | D        | Learned a level 2 spell: Static Discharge
   219 | D        | Found a basalt altar of Yredelemnul.
   219 | D        | Found a shadowy altar of Dithmenos.
   219 | D        | Found a sacrificial altar of Ru.
   219 | D        | Noticed a necrophage
   233 | D        | Killed a necrophage
   234 | D        | Reached skill level 1 in Spellcasting
   234 | D        | Reached skill level 1 in Conjurations
   234 | D        | Reached skill level 1 in Air Magic
   234 | D        | Reached skill level 1 in Invocations
   234 | D        | Reached XP level 6. HP: 33/43 MP: 5/8
   235 | D        | Reached skill level 15 in Stealth
   300 | D        | Found a hide-covered altar of Uskayaw.
   300 | D        | Found an iron altar of Okawaru.
   300 | D        | Found a bloodstained altar of Trog.
   300 | D        | Found an ornate altar of the Wu Jian Council.
   300 | D        | Noticed a human
   303 | D        | Noticed a human
   311 | D        | Killed a human
   311 | D        | Reached * piety under Sif Muna
   312 | D        | Reached skill level 5 in Short Blades
   312 | D        | Reached XP level 7. HP: 31/48 MP: 8/10
   315 | D        | Killed a human
   316 | D        | Reached skill level 5 in Throwing
   316 | D        | Reached skill level 16 in Stealth
   415 | D        | Found a glowing silver altar of Zin.
   415 | D        | Found a glowing golden altar of the Shining One.
   415 | D        | Found a white marble altar of Elyvilon.
   416 | D        | Noticed a deep elf pyromancer
   419 | D        | Killed a deep elf pyromancer
   420 | D        | Reached skill level 17 in Stealth
   420 | D        | Reached skill level 5 in Invocations
   420 | D        | Reached XP level 8. HP: 54/54 MP: 11/14
   443 | D        | Noticed a shadow
   445 | D        | Killed a shadow
   445 | D        | Reached ** piety under Sif Muna
   452 | D        | Found a blossoming altar of Fedhas.
   452 | D        | Found a stormy altar of Qazlal.
   452 | D        | Found a snail-covered altar of Cheibriados.
   452 | D        | Found a burning altar of Makhleb.
   452 | D        | Found a shimmering altar of Xom.
   453 | D        | Found a hazy altar of Hepliaklqana.
   453 | D        | Found an opulent altar of Gozag.
   453 | D        | Found a sparkling altar of Nemelex Xobeh.
   453 | D        | Found a corrupted altar of Lugonu.
   453 | D        | Found a viscous altar of Jiyva.
   603 | D        | Noticed Erica
   606 | D        | Killed Erica
   607 | D        | Reached skill level 18 in Stealth
   607 | D        | Reached skill level 5 in Spellcasting
   607 | D        | Reached skill level 5 in Conjurations
   607 | D        | Reached skill level 5 in Air Magic
   607 | D        | Reached XP level 9. HP: 60/60 MP: 14/16
   618 | D        | Noticed an orc knight
   618 | D        | Noticed an orc high priest
   649 | D        | Killed from afar by an orc priest

Illustrated notes

Levels and vault maps discovered:
D:        dungeon_sprint_mu [sprint_mu_entry_forest, sprint_mu_temple_rooms,
          sprint_mu_d1_horrors, sprint_mu_d2_genie, sprint_mu_d3_branching,
          sprint_mu_orc_legion, sprint_mu_elf_gauntlet, sprint_mu_hive_nellie,
          sprint_mu_lair_fedhas, sprint_mu_vaults_butterflies,
          sprint_mu_slime_circle, sprint_mu_swamp_cave, sprint_mu_shoals_kraken,
          sprint_mu_blade_basic, sprint_mu_crypt_fortress,
          sprint_mu_tomb_spiral, sprint_mu_vestibule_basic,
          sprint_mu_gehenna_hellfire, sprint_mu_dis_giant,
          sprint_mu_tartarus_statrot, sprint_mu_cocytus_islands, sprint_mu_zot1]

Skill      XL: |  1  2  3  4  5  6  7  8 |
---------------+-------------------------+-----
Stealth        | 9 12 13 14 15 17 18 | 18.3
Fighting       | 3 4 |  4.9
Short Blades   | 3 4 5 6 |  6.6
Throwing       | 3 4 5 6 |  6.0
Spellcasting   | 1 2 4 5 |  5.2
Conjurations   | 1 2 4 5 |  5.7
Air Magic      | 1 2 4 5 |  5.7
Invocations    | 1 3 5 6 |  6.2
Dodging        | 2 |  2.3

Action                   |  1- 3 |  4- 6 |  7- 9 || total
-------------------------+-------+-------+-------++-------
Melee: Dagger            |     7 |    16 |     6 ||    29
       Tentacles         |     1 |     4 |       ||     5
       Constrict         |       |     4 |       ||     4
Throw: Dart              |     4 |     5 |     5 ||    14
  Use: Potion            |       |     3 |       ||     3
       Scroll            |       |       |     4 ||     4
 Stab: Sleeping          |     5 |     1 |     5 ||    11
Armor: Skin              |       |     1 |       ||     1
Dodge: Dodged            |     1 |     2 |       ||     3

Table legend: (Time is in decaauts)
 A = Elapsed time spent in this place.
 B = Non-inter-level travel time spent in this place.
 C = Inter-level travel time spent in this place.
 D = Time resting spent in this place.
 E = Time spent auto-exploring this place.
 F = Levels seen in this place.
 G = Mean time per level.
                   A        B        C        D        E       F      G
               +--------+--------+--------+--------+--------+-----+--------+
         Total |    639 |    639 |      0 |    333 |      0 |   1 |  639.0 |
       Dungeon |    639 |    639 |      0 |    333 |      0 |   1 |  639.0 |
               +--------+--------+--------+--------+--------+-----+--------+

Top non-repeatable levels by time:
       D: 639 daAuts
